 Dungeon Crawl Stone Soup version 0.28.0-1-gb440e238dd (webtiles) character file.

Game seed: 1522568474567280183

13304 ReploidZero the Thaumaturge (level 11, 0/90 (92) HPs)
             Began as a Purple Draconian Conjurer on Feb 21, 2022.
             Was a High Priest of Jiyva.
             Slain by a spectral orc knight (22 damage)
             ... summoned by Nergalle
             ... on level 2 of the Lair of Beasts.
             The game lasted 00:49:20 (10690 turns).

ReploidZero the Thaumaturge (DrCj)                 Turns: 10690, Time: 00:49:21

HP:   0/90 (92)     AC:  7    Str: 11    XL:     11   Next: 73%
MP:   12/26         EV: 12    Int: 26    God:    Jiyva [*****.]
Gold: 305           SH:  0    Dex:  9    Spells: 19/32 levels left

rFire   . . .      SeeInvis +   b - staff of conjuration
rCold   . . .      Faith    .   (no shield)
rNeg    . . .      Spirit   .   (armour unavailable)
rPois   +          Reflect  .   (helmet restricted)
rElec   .          Harm     .   (no cloak)
rCorr   +          Rampage  .   (no gloves)
Will    +....                   (no boots)
Stlth   ++........              f - amulet of the acrobat
HPRegen 1.69/turn               (no ring)
MPRegen 0.65/turn               (no ring)

@: slimy, studying Unarmed Combat, lightly drained
A: breathe power, AC +7, unfitting armour, cold-blooded, see invisible, clever
2, mutation resistance 1, poison resistance, eyeballs 1, jelly sensing items,
jelly absorbing missiles, MP-powered wands
a: Breathe Dispelling Energy, Renounce Religion, Oozemancy, Slimify


You were on level 2 of the Lair of Beasts.
You worshipped Jiyva.
Jiyva was extremely pleased with you.
You visited 2 branches of the dungeon, and saw 12 of its levels.
You also visited: Sewer.

You collected 305 gold pieces.

Inventory:

Magical Staves
 b - a staff of conjuration (weapon)
Jewellery
 f - an amulet of the acrobat (around neck)
 g - an amulet of guardian spirit
 x - a ring of protection from cold
Wands
 j - a wand of acid (8)
 p - a wand of polymorph (1)
 s - a wand of digging (1)
Scrolls
 a - 2 scrolls of teleportation
 e - a scroll of vulnerability
 l - 2 scrolls of amnesia
 r - 2 scrolls of enchant armour
 u - a scroll of noise {unknown}
 w - a scroll of blinking
 y - a scroll of identify
Potions
 c - a potion of lignification
 d - 2 potions of invisibility
 h - a potion of berserk rage
 i - 2 potions of curing
 k - a potion of might
 m - a potion of mutation
 n - a potion of brilliance
 o - a potion of cancellation
 q - 2 potions of haste
 v - a potion of attraction {unknown}
Miscellaneous
 t - a box of beasts


   Skills:
 + Level 7.3 Fighting
 + Level 4.3 Dodging
 - Level 1.7 Stealth
 + Level 11.0 Spellcasting
 + Level 10.6 Conjurations
 - Level 5.0 Hexes
 - Level 6.0 Translocations
 - Level 6.0 Air Magic
 - Level 3.0 Poison Magic


You had 19 spell levels left.
You knew the following spells:

 Your Spells              Type           Power      Damage    Failure   Level
a - Magic Dart            Conj           100%       1d8       1%          1
b - Searing Ray           Conj           100%       2d8       1%          2
c - Fulminant Prism       Conj/Hex       35%        3d18      1%          4
d - Iskenderun's Mystic   Conj/Tloc      72%        2d15      1%          4
e - Poisonous Vapours     Pois/Air       74%        N/A       1%          2

Your spell library contained the following spells:

 Spells                   Type           Power      Damage    Failure   Level
 Corpse Rot               Necr/Air       60%        N/A       1%          2
 Dazzling Flash           Conj/Hex       100%       N/A       1%          3


Dungeon Overview and Level Annotations

Branches:
Dungeon (10/15)            Temple (0/1) D:6            Lair (2/6) D:9
    Orc (0/2) D:10          Sewer (visited)
  Swamp: Lair:2-4    Shoals: Lair:2-4     Snake: Lair:2-4    Spider: Lair:2-4

Altars:
Cheibriados
Fedhas
Gozag
Okawaru
Ru
Sif Muna
Uskayaw
Vehumet
Zin
The Shining One

Shops:
D:3 [

Annotations:
Lair:2 Nergalle


Innate Abilities, Weirdness & Mutations

You can breathe bolts of dispelling energy.
Your rich purple scales are hard. (AC +7)
You cannot fit into any form of body armour.
You are cold-blooded and may be slowed by cold attacks.
You have supernaturally acute eyesight. (SInv)
Your mind is very acute. (Int +4)
You are somewhat resistant to further mutation.
Your system is resistant to poisons. (rPois)
Your body has grown eyes which may confuse attackers. (Acc +3)
You have a small jelly attached to you that senses nearby items.
You have a small jelly attached to you that may absorb projectiles.
You expend magic power (3 MP) to strengthen your wands.


Message History

Your azure jelly hits the spectral orc warrior!
The spectral orc warrior is destroyed!
The spectral orc warrior disappears in a puff of smoke!
A thick mucus forms on your staff of conjuration.
The spectral orc knight closely misses you.
Unknown command.
You barely miss Nergalle.
The spectral orc knight hits you with a +0 great sword!!
You shudder from the blow and a jelly pops out!
Nergalle barely misses you.
The spectral orc knight closely misses you.
The yak barely misses you.
The wolf barely misses your azure jelly.
You closely miss Nergalle.
Your azure jelly hits the yak.
Your azure jelly freezes the yak!!!
The yak dies!
Your quicksilver ooze hits the wolf!
Your quicksilver ooze engulfs the wolf!
Your quicksilver ooze hits the wolf!
The wolf dies!
Nergalle gestures at you while chanting.
The bolt of negative energy hits you!!
You feel drained.
* * * LOW HITPOINT WARNING * * *
You shudder from the blast and a jelly pops out!
The spectral orc knight misses you.
Your azure jelly hits the wolf.
Your azure jelly freezes the wolf!!
The wolf dies!
Your Spellcasting skill increases to level 11!
The spectral orc knight completely misses you.
Your quicksilver ooze hits the spectral orc knight.
Your quicksilver ooze hits the spectral orc knight but does no damage.
The yak gores your quicksilver ooze.
You barely miss Nergalle.
Your tail-slap misses Nergalle.
Your quicksilver ooze hits the spectral orc knight!
Your quicksilver ooze barely misses the spectral orc knight.
Your azure jelly misses Nergalle.
Your azure jelly hits Nergalle but does no damage. x3
Nergalle hits you with a +0 dagger.
* * * LOW HITPOINT WARNING * * *
The spectral orc knight hits you with a +0 great sword!!
You die... .....$.... #......... #......... #......... ##....... #...YY.# #.J...# #ZoJ.P#

##@ZJ.##
#....##
##...#
#...#
##...##
#..)..#
#....##
##....###
##......##


You could see Nergalle (ally target), 2 spectral orc knights, 2 yaks, 2 friendly
azure jellies and a friendly quicksilver ooze (summoned).

Vanquished Creatures
  2 hydras (Lair:1)
  A two-headed ogre (D:9)
  Erica (Lair:2)
  An ugly thing (D:7)
  A black mamba (Lair:1)
  A gargoyle (D:10)
  A kobold demonologist (D:10)
  A troll (D:7)
  Sigmund (D:2)
  2 wyverns
  A wraith (D:7)
  4 humans (D:6)
  21 yaks
  3 steam dragons
  Grum (D:9)
  An acid dragon (D:10)
  Edmund (D:6)
  3 water moccasins
  3 orc warriors
  2 ice beasts (D:7)
  3 black bears
  2 sky beasts
  A hornet zombie (D:8)
  A necrophage (D:5)
  4 ogres
  4 wolves
  2 centaurs
  A phantom (D:5)
  6 bullfrogs
  3 scorpions
  2 wyvern zombies
  A wyvern skeleton (D:7)
  7 killer bees
  5 howler monkeys
  5 wights (D:9)
  4 jellies (Sewer)
  3 orc priests
  2 hounds
  A bullfrog skeleton (D:7)
  A centaur skeleton (D:6)
  4 iguanas
  5 orc wizards
  A killer bee zombie (D:8)
  A hound skeleton (D:4)
  4 gnolls (D:3)
  3 adders
  2 river rats (Sewer)
  An ufetubus (D:4)
  5 worms
  10 orcs
  9 endoplasms
  7 giant cockroaches
  7 goblins
  3 hobgoblins
  2 jackals (D:4)
  5 quokkas
  10 ball pythons
  5 bats
  8 frilled lizards
  6 kobolds
  5 rats
213 creatures vanquished.

Vanquished Creatures (collateral kills)
  A yak (Lair:2)
  2 wolves (Lair:2)
3 creatures vanquished.

Vanquished Creatures (others)
  A centaur zombie (D:10)
  A steam dragon (D:10)
  2 sky beasts (D:10)
  A black bear (D:6)
  2 wolves (D:9)
  2 centaurs
  A bullfrog (D:8)
  A scorpion (D:7)
  2 killer bees (D:8)
  A howler monkey (D:7)
  21 jellies
  2 orc priests
  An iguana (D:6)
  2 adders
  2 white imps (D:6)
  An endoplasm (D:4)
  9 orcs
  A goblin (D:4)
  A hobgoblin (D:4)
  A ball python (D:3)
  A butterfly (Lair:1)
  8 fulminant prisms
  68 fungi
  47 plants
179 creatures vanquished.

Grand Total: 395 creatures vanquished

Notes
Turn   | Place    | Note
-------+----------+-------------------------------------------
     0 | D:1      | ReploidZero the Draconian Conjurer began the quest for the
                  | Orb.
     0 | D:1      | Reached XP level 1. HP: 14/14 MP: 3/3
   230 | D:1      | Reached XP level 2. HP: 20/20 MP: 0/5
   233 | D:1      | Learned a level 2 spell: Searing Ray
   619 | D:2      | Found a faded altar of an unknown god.
  1019 | D:2      | Reached XP level 3. HP: 26/26 MP: 5/7
  1340 | D:2      | Noticed Sigmund
  1357 | D:2      | Killed Sigmund
  1358 | D:2      | Reached skill level 4 in Spellcasting
  1358 | D:2      | Reached skill level 5 in Conjurations
  1358 | D:2      | Reached XP level 4. HP: 33/33 MP: 0/10
  1358 | D:2      | Reached XP level 5. HP: 38/38 MP: 0/11
  1831 | D:3      | Found a glowing silver altar of Zin.
  2054 | D:3      | Found Uhahepp's Antique Armour Boutique.
  2333 | D:3      | Found a glowing drain.
  2345 | Sewer    | Entered a sewer
  2397 | Sewer    | Reached XP level 6. HP: 45/45 MP: 10/12
  2536 | Sewer    | Learned a level 4 spell: Fulminant Prism
  2590 | Sewer    | Learned a level 4 spell: Iskenderun's Mystic Blast
  2941 | Sewer    | Found a viscous altar of Jiyva.
  3116 | Sewer    | Became a worshipper of Jiyva Jeos the Shapeless
  3231 | D:3      | Found a glowing golden altar of the Shining One.
  3992 | D:4      | Found an opulent altar of Gozag.
  4070 | D:4      | Reached * piety under Jiyva
  4126 | D:4      | Reached skill level 5 in Spellcasting
  4269 | D:4      | Learned a level 2 spell: Poisonous Vapours
  4274 | D:4      | Your scales start taking on a rich purple colour.
  4274 | D:4      | Reached skill level 6 in Spellcasting
  4274 | D:4      | Reached XP level 7. HP: 30/50 MP: 11/16
  4908 | D:5      | Entered Level 5 of the Dungeon
  4966 | D:5      | Reached ** piety under Jiyva
  4979 | D:5      | Reached skill level 7 in Spellcasting
  4997 | D:5      | Found a blossoming altar of Fedhas.
  5053 | D:5      | Reached skill level 1 in Hexes
  5053 | D:5      | Reached skill level 1 in Translocations
  5053 | D:5      | Reached skill level 1 in Air Magic
  5053 | D:5      | Reached skill level 1 in Poison Magic
  5053 | D:5      | Reached XP level 8. HP: 57/57 MP: 14/18
  5484 | D:6      | Found a staircase to the Ecumenical Temple.
  5549 | D:6      | Noticed Edmund
  5581 | D:6      | Killed Edmund
  5682 | D:6      | Reached XP level 9. HP: 28/62 MP: 15/20
  5751 | D:6      | Reached *** piety under Jiyva
  5893 | D:6      | Gained mutation: You are somewhat resistant to further
                  | mutation. [Jiyva's grace]
  5893 | D:6      | Gained mutation: You are somewhat resistant to both further
                  | mutation and mutation removal. [Jiyva's grace]
  5893 | D:6      | Gained mutation: You are almost entirely resistant to
                  | further mutation and mutation removal. [Jiyva's grace]
  5893 | D:6      | Gained mutation: Your body has grown eyes which may confuse
                  | attackers. (Acc +3) [Jiyva's grace]
  6114 | D:7      | Found a sacrificial altar of Ru.
  6120 | D:7      | Reached skill level 8 in Spellcasting
  6313 | D:7      | Reached skill level 1 in Fighting
  6626 | D:7      | Noticed a troll
  6634 | D:7      | Killed a troll
  6750 | D:7      | Reached **** piety under Jiyva
  6809 | D:7      | Noticed a red ugly thing
  6820 | D:7      | Killed a red ugly thing
  7182 | D:7      | Found a hide-covered altar of Uskayaw.
  7402 | D:8      | Reached skill level 5 in Hexes
  7402 | D:8      | Reached XP level 10. HP: 67/77 MP: 9/22
  7844 | D:8      | Reached skill level 9 in Spellcasting
  8127 | D:8      | Found a shimmering blue altar of Sif Muna.
  8127 | D:8      | Found a snail-covered altar of Cheibriados.
  8135 | D:8      | Reached ***** piety under Jiyva
  8135 | D:8      | Found a faded altar of an unknown god.
  8137 | D:8      | Found an iron altar of Okawaru.
  8139 | D:8      | Found a radiant altar of Vehumet.
  8281 | D:9      | Reached skill level 5 in Translocations
  8281 | D:9      | Reached skill level 5 in Air Magic
  8488 | D:9      | Reached skill level 5 in Fighting
  8558 | D:9      | Noticed Grum
  8564 | D:9      | Killed Grum
  8633 | D:9      | Noticed a two-headed ogre
  8634 | D:9      | Lost mutation: You are almost entirely resistant to further
                  | mutation and mutation removal. [Jiyva's grace]
  8634 | D:9      | Gained mutation: You have a small jelly attached to you
                  | that senses nearby items. [Jiyva's grace]
  8634 | D:9      | Gained mutation: You are covered in slimy tendrils that may
                  | disarm your opponents. [Jiyva's grace]
  8634 | D:9      | Gained mutation: Your system is resistant to poisons.
                  | (rPois) [Jiyva's grace]
  8634 | D:9      | Gained mutation: You have supernaturally acute eyesight.
                  | (SInv) [Jiyva's grace]
  8649 | D:9      | Killed a two-headed ogre
  8847 | D:9      | Found a staircase to the Lair.
  9185 | D:10     | Entered Level 10 of the Dungeon
  9220 | D:10     | Noticed a gargoyle
  9230 | D:10     | Killed a gargoyle
  9231 | D:10     | Reached XP level 11. HP: 75/88 MP: 9/24
  9279 | D:10     | Found a staircase to the Orcish Mines.
  9401 | D:10     | Reached skill level 10 in Spellcasting
  9844 | Lair:1   | Entered Level 1 of the Lair of Beasts
  9856 | Lair:1   | Noticed a four-headed hydra
  9865 | Lair:1   | Killed a four-headed hydra
  9866 | Lair:1   | Reached skill level 10 in Conjurations
  9905 | Lair:1   | Noticed a five-headed hydra
  9918 | Lair:1   | Killed a five-headed hydra
 10044 | Lair:1   | Lost mutation: You are somewhat resistant to both further
                  | mutation and mutation removal. [Jiyva's grace]
 10044 | Lair:1   | Lost mutation: You are covered in slimy tendrils that may
                  | disarm your opponents. [Jiyva's grace]
 10044 | Lair:1   | Gained mutation: Your mind is acute. (Int +2) [Jiyva's
                  | grace]
 10044 | Lair:1   | Gained mutation: Your mind is very acute. (Int +4) [Jiyva's
                  | grace]
 10044 | Lair:1   | Gained mutation: You have a small jelly attached to you
                  | that may absorb projectiles. [Jiyva's grace]
 10044 | Lair:1   | Gained mutation: You expend magic power (3 MP) to
                  | strengthen your wands. [Jiyva's grace]
 10282 | Lair:1   | Reached ****** piety under Jiyva
 10646 | Lair:2   | Noticed Erica
 10655 | Lair:2   | Killed Erica
 10678 | Lair:2   | Noticed Nergalle
 10689 | Lair:2   | Reached skill level 11 in Spellcasting
 10690 | Lair:2   | Slain by a spectral orc knight

Illustrated notes

Levels and vault maps discovered:
D:1:      eino_arrival_water_cross, layout_rooms
D:2:      layout_basic, shapermc_ecumenical_altar_mp_ritualfount, uniq_sigmund
D:3:      layout_basic, mainiacjoe_overflow_cross_hatched, tso_altar,
          serial_shops, nicolae_lakefront_shop, portal_sewer_entry_f,
          minmay_pentomino_pile
D:4:      layout_layer_cave, lemuel_tele_altar, minivault_24
D:5:      layout_rooms, fedhas_altar_3
D:6:      layout_loops_ring, temple_fountains, minmay_ruffians, uniq_edmund
D:7:      layout_layer_cave, mainiacjoe_overflow_tiny_flanked,
          mainiacjoe_overflow_alcove_1, minmay_manual_mandibuliform
D:8:      layout_basic, chequers_temple_overflow_minitemple
D:9:      layout_cave_pods, due_lair_maze_entry_diamond, uniq_grum
D:10:     layout_irregular_city, orc_0_dummy, minmay_tree_intersection,
          hangedman_misty_isle
Lair:1:   layout_chaotic_city, lemuel_fruit_fields, infiniplex_staircase_pool_2,
          lemuel_fruit_fields
Lair:2:   layout_cave_pods, lemuel_oklob_altar, uniq_nergalle, uniq_erica

Skill      XL: |  1  2  3  4  5  6  7  8  9 10 11 |
---------------+----------------------------------+-----
Spellcasting   | 4 6 7 8 9 11 | 11.0
Conjurations   | 5 6 7 8 9 10 | 10.6
Hexes          | 1 3 5 |  5.0
Translocations | 1 2 4 6 |  6.0
Air Magic      | 1 2 4 6 |  6.0
Poison Magic   | 1 2 3 |  3.0
Fighting       | 3 5 7 |  7.3
Dodging        | 2 4 |  4.3
Stealth        | |  1.7

Action                   |  1- 3 |  4- 6 |  7- 9 | 10-12 || total
-------------------------+-------+-------+-------+-------++-------
Melee: Staff             |    15 |       |    13 |    56 ||    84
       Tailslap          |     2 |       |     3 |    11 ||    16
       Punch             |       |       |     1 |     1 ||     2
 Cast: Magic Dart        |    45 |   124 |    84 |    55 ||   308
       Searing Ray       |     2 |     7 |    35 |    28 ||    72
       Poisonous Vapours |       |       |    13 |     4 ||    17
       Iskenderun's Myst |       |       |    19 |    44 ||    63
       Fulminant Prism   |       |       |     1 |     7 ||     8
Invok: Oozemancy         |       |       |       |     2 ||     2
       Slimify           |       |       |       |     1 ||     1
 Abil: Breathe Dispellin |       |       |     7 |     5 ||    12
  Use: Scroll            |     2 |     4 |     1 |     4 ||    11
       Potion            |     3 |       |       |     4 ||     7
 Stab: Confused          |       |       |     1 |       ||     1
Armor: Skin              |    12 |     4 |    18 |    33 ||    67
Dodge: Dodged            |    27 |     6 |    66 |   134 ||   233
